 Dungeon Crawl Stone Soup version 0.24.1-14-gf8d2b509d9 (webtiles) character file.

Game seed: 9348224541242889022, levelgen mode: deterministic

9171 Hugehornet the Martial Artist (level 11, 0/56 HPs)
             Began as an Octopode Transmuter on May 16, 2020.
             Was a High Priest of Cheibriados.
             Slain by an ogre
             ... wielding a +0 giant spiked club
              (12 damage)
             ... on level 10 of the Dungeon.
             The game lasted 00:39:52 (14069 turns).

Hugehornet the Martial Artist (OpTm)               Turns: 14069, Time: 00:39:53

Health: 0/56       AC:  3    Str: 22    XL:     11   Next: 42%
Magic:  17/20      EV: 14    Int: 34    God:    Cheibriados [*****.]
Gold:   634        SH:  0    Dex: 24    Spells: 4/22 levels left

rFire    . . .     SeeInvis .     - Unarmed
rCold    . . .     Gourm    .   (shield currently unavailable)
rNeg     . . .     Faith    .   (helmet restricted)
rPois    .         Spirit   .   (no amulet)
rElec    .         Reflect  .   f - +2 ring of protection
rCorr    .         Harm     .   z - +3 ring of intelligence
MR       .....                  (no ring)
Stlth    +++.......             (no ring)
HPRegen  0.58/turn              (no ring)
MPRegen  0.17/turn              (no ring)
                                (no ring)
                                (no ring)

@: blade tentacles, very slow
A: almost no armour, stealthy swim, amphibious, 8 rings, constrict 8, camouflage
1, frail 1, regeneration 1, gelatinous body 1
a: End Transformation, Bend Time, Temporal Distortion, Slouch, Step From Time,
Renounce Religion


You were on level 10 of the Dungeon.
You worshipped Cheibriados.
Cheibriados was extremely pleased with you.
You were not hungry.
You had blades for tentacles.
You visited 2 branches of the dungeon, and saw 11 of its levels.
You also visited: Sewer and Ossuary.

You collected 634 gold pieces.

Inventory:

Missiles
 a - 139 arrows
Armour
 n - a +0 large shield
Jewellery
 f - a +2 ring of protection (left scythe-like blade)
 o - the amulet "Wogu Kaim" {+Rage rElec rF- SInv}
   (You found it on level 4 of the Dungeon)

   [amulet of rage]

   It makes you vulnerable to fire.
   It insulates you from electricity.
   It lets you see invisible.
   It lets you go berserk.
 z - a +3 ring of intelligence (right scythe-like blade)
Wands
 i - a wand of polymorph (14)
 q - a wand of enslavement (16)
 u - a wand of scattershot (7)
 w - a wand of flame (11)
Scrolls
 b - 3 scrolls of teleportation
 e - 3 scrolls of fog
 g - a scroll of fear
 h - 3 scrolls of enchant armour
 j - a scroll of identify
 l - 2 scrolls of blinking
 p - a scroll of immolation
 r - a scroll of amnesia
 y - a scroll of torment {unknown}
Potions
 d - 3 potions of flight
 k - a potion of might
 m - a potion of heal wounds
 s - 2 potions of brilliance
 t - a potion of cancellation
 v - 2 potions of lignification {unknown}
 x - a potion of agility {unknown}
 A - a potion of ambrosia {unknown}
 B - a potion of degeneration {unknown}
 C - 4 potions of resistance
 D - a potion of curing
Comestibles
 c - 22 rations
 E - a chunk of flesh


   Skills:
 + Level 1.5 Fighting
 + Level 2.3 Dodging
 + Level 1.4 Stealth
 - Level 10.8 Unarmed Combat
 + Level 6.1 Spellcasting
 * Level 1.5 Hexes
 - Level 9.0 Transmutations
 - Level 4.7 Ice Magic
 - Level 3.0 Poison Magic
 + Level 7.1 Invocations


You had 4 spell levels left.
You knew the following spells:

 Your Spells              Type           Power        Failure   Level  Hunger
a - Beastly Appendage     Tmut           ######       7%          1    None
b - Sticks to Snakes      Tmut           ######..     8%          2    None
c - Spider Form           Tmut/Pois      ######....   16%         3    None
d - Ice Form              Ice/Tmut       ######..     22%         4    ##.....
e - Blade Hands           Tmut           ######....   24%         5    ####...
f - Confuse               Hex            ###.....     36%         3    None

Your spell library contained the following spells:

 Spells                   Type           Power        Failure   Level  Hunger
 Confusing Touch          Hex            ###...       21%         1    None
 Petrify                  Tmut/Erth      #####...     36%         4    ##.....
 Gell's Gravitas          Tloc           ##........   50%         3    None
 Yara's Violent Unravell  Hex/Tmut       #####.....   52%         5    ####...
 Metabolic Englaciation   Hex/Ice        ####......   73%         5    ####...


Dungeon Overview and Level Annotations

Branches:
Dungeon (10/15)            Temple (1/1) D:5            Lair (0/6) D:9
  Sewer (visited)         Ossuary (visited)
    Orc: D:9-12

Altars:
Ashenzari
Cheibriados
Dithmenos
Elyvilon
Fedhas
Gozag
Hepliaklqana
Kikubaaqudgha
Makhleb
Nemelex Xobeh
Okawaru
Qazlal
Ru
Sif Muna
Trog
Uskayaw
Vehumet
Wu Jian
Xom
Yredelemnul
Zin
The Shining One

Shops:
D:6 %   D:8 [

Annotations:
D:7 3 runed translucent doors, Kendiley23's ghost, novice MiBe
D:8 1 runed translucent door
D:9 1 runed translucent door, exclusion: hydra, Gekot's ghost, novice DEFE
D:10 Psyche


Innate Abilities, Weirdness & Mutations

You cannot wear most types of armour.
You are very stealthy in the water. (Stealth+)
You are amphibious.
You can wear up to eight rings at the same time.
You can use your tentacles to constrict eight enemies at once.
Your skin changes colour to match your surroundings (Stealth+).
Your rubbery body absorbs attacks. (AC +1, EV +1)
You are frail. (-10% HP)
Your natural rate of healing is unusually fast.


Message History

The hound bites you.
* * * LOW HITPOINT WARNING * * *
You barely miss the hound. Your grab misses the hound. You squeeze the hound.
The hound is lightly wounded.
The hound barely misses you. The bullfrog barely misses you.
You hit the ogre but do no damage. The hound bites you.
* * * LOW HITPOINT WARNING * * *
The bullfrog misses you.
You slice the ogre!!
The ogre is almost dead.
The hound bites you.
* * * LOW HITPOINT WARNING * * *
The ogre misses you. The bullfrog hits you.
* * * LOW HITPOINT WARNING * * *
You feel much better. The hound bites you. The bullfrog hits you.
* * * LOW HITPOINT WARNING * * *
The hound bites you.
* * * LOW HITPOINT WARNING * * *
The ogre hits you with a +0 giant spiked club!
You die...

###########
#.....@F..#
#..:.Oh...#
#..........%..
#....[.....##.
...........##
##.........#
#....(....#
#.........#


You could see an ogre, a bullfrog and a hound.

Vanquished Creatures
  A two-headed ogre (D:9)
  Joseph (D:9)
  The ghost of harkrass the Shield-Bearer, an amateur MiFi (D:3)
  Grinder (D:6)
  A spriggan (D:9)
  14 yaks (D:9)
  Eustachio (D:4)
  A hungry ghost (D:8)
  A steam dragon (D:8)
  2 porcupines (D:9)
  2 black bears (D:9)
  4 sky beasts
  2 ice beasts (D:9)
  A phantom (D:6)
  An orc warrior (D:8)
  6 ogres
  5 centaurs
  A crocodile (D:9)
  A big kobold (Sewer)
  5 bullfrogs
  A gnoll sergeant (D:8)
  10 scorpions
  16 killer bees
  A bullfrog zombie (D:7)
  2 crimson imps
  3 quasits
  3 human zombies (Ossuary)
  3 orc priests
  3 jellies
  7 orc wizards
  A centaur skeleton (D:3)
  A bullfrog skeleton (D:7)
  3 iguanas
  12 worker ants
  4 mummies
  5 gnolls (D:8)
  17 adders
  3 river rats
  2 scorpion zombies (Ossuary)
  2 shadow imps (D:6)
  2 oozes
  An adder zombie (D:5)
  5 worms
  A dart slug (D:3)
  7 leopard geckos
  21 orcs
  9 bats
  10 giant cockroaches
  10 hobgoblins
  4 jackals
  4 quokkas
  3 ball pythons
  6 frilled lizards
  3 gnoll zombies (Ossuary)
  4 goblins
  2 goblin zombies (Ossuary)
  4 hobgoblin zombies (Ossuary)
  16 kobolds
  2 kobold zombies
  A leopard gecko skeleton (D:6)
  5 orc zombies
  2 quokka skeletons
  A quokka zombie (D:3)
  17 rats
291 creatures vanquished.

Vanquished Creatures (others)
  45 fungi (D:9)
  19 plants (D:9)
64 creatures vanquished.

Grand Total: 355 creatures vanquished

Notes
Turn   | Place    | Note
-------+----------+-------------------------------------------
     0 | D:1      | Hugehornet the Octopode Transmuter began the quest for the
                  | Orb.
     0 | D:1      | Reached XP level 1. HP: 13/13 MP: 3/3
    93 | D:1      | Reached XP level 2. HP: 13/18 MP: 3/5
   717 | D:1      | Reached XP level 3. HP: 23/23 MP: 4/6
   726 | D:1      | Learned a level 2 spell: Sticks to Snakes
   730 | D:1      | Learned a level 3 spell: Spider Form
  1349 | D:2      | Reached skill level 1 in Poison Magic
  1974 | D:2      | Reached XP level 4. HP: 28/28 MP: 6/8
  2343 | D:3      | Found a transporter.
  2518 | D:3      | Reached XP level 5. HP: 8/33 MP: 7/9
  2559 | D:3      | Found a glowing drain.
  2591 | Sewer    | Entered a sewer
  2609 | Sewer    | Reached skill level 4 in Unarmed Combat
  2753 | Sewer    | Learned a level 4 spell: Ice Form
  2819 | Sewer    | Noticed a big kobold
  2832 | Sewer    | Killed a big kobold
  2832 | Sewer    | Reached skill level 1 in Ice Magic
  2832 | Sewer    | Reached XP level 6. HP: 32/38 MP: 10/10
  3014 | Sewer    | Found a glowing silver altar of Zin.
  3076 | D:3      | Found a transporter.
  3077 | D:3      | Noticed harkrass's ghost (amateur MiFi)
  3390 | D:3      | Found an iron altar of Okawaru.
  4185 | D:4      | Reached XP level 7. HP: 43/43 MP: 7/12
  4422 | D:4      | Noticed Eustachio
  4437 | D:4      | Killed Eustachio
  4733 | D:4      | Got a flickering garnet amulet
  4734 | D:4      | Identified the amulet "Wogu Kaim" {+Rage rElec rF- SInv}
                  | (You found it on level 4 of the Dungeon)
  5426 | D:5      | Entered Level 5 of the Dungeon
  5570 | D:5      | Reached skill level 5 in Transmutations
  5570 | D:5      | Reached XP level 8. HP: 22/48 MP: 10/13
  5780 | D:5      | Found a staircase to the Ecumenical Temple.
  5785 | Temple   | Entered the Ecumenical Temple
  5873 | Temple   | Became a worshipper of Cheibriados the Contemplative
  6127 | D:5      | Found a glowing silver altar of Zin.
  6297 | D:5      | Noticed a moth of wrath
  6300 | D:5      | Found a bloodstained altar of Trog.
  6827 | D:6      | Reached skill level 5 in Unarmed Combat
  7126 | D:6      | Learned a level 5 spell: Blade Hands
  7270 | D:6      | Found a glowing golden altar of the Shining One.
  7271 | D:6      | Noticed Grinder
  7686 | D:6      | Reached * piety under Cheibriados
  8019 | D:6      | Gained mutation: You are occasionally teleported next to
                  | monsters. [potion of mutation]
  8019 | D:6      | Gained mutation: Your mind is acute. (Int +2) [potion of
                  | mutation]
  8044 | D:6      | Found a basalt altar of Yredelemnul.
  8169 | D:6      | Found a shimmering blue altar of Sif Muna.
  8191 | D:6      | Found Voogum's Food Emporium.
  8347 | D:6      | Paralysed by Grinder for 6 turns
  8362 | D:6      | Killed Grinder
  8362 | D:6      | Reached skill level 1 in Invocations
  8895 | D:7      | Reached XP level 9. HP: 43/53 MP: 16/16
  9009 | D:7      | Noticed a deep elf mage
  9011 | D:7      | Found a runed translucent gate.
  9011 | D:7      | Noticed Kendiley23's ghost (novice MiBe)
  9012 | D:7      | Found a runed translucent gate.
  9013 | D:7      | Found a runed translucent gate.
  9605 | D:7      | Reached skill level 5 in Spellcasting
  9806 | D:3      | Reached skill level 6 in Unarmed Combat
  9819 | D:3      | Killed harkrass's ghost
 10285 | D:8      | Lost mutation: Your mind is acute. (Int +2) [potion of
                  | mutation]
 10285 | D:8      | Lost mutation: You are occasionally teleported next to
                  | monsters. [potion of mutation]
 10285 | D:8      | Gained mutation: You are frail. (-10% HP) [potion of
                  | mutation]
 10285 | D:8      | Gained mutation: Your natural rate of healing is unusually
                  | fast. [potion of mutation]
 10316 | D:8      | Reached ** piety under Cheibriados
 10438 | D:8      | Found a runed translucent door.
 10439 | D:8      | Found a runed translucent door.
 10623 | D:8      | Found a sand-covered staircase.
 10633 | Ossuary  | Entered an ossuary
 10796 | Ossuary  | Reached *** piety under Cheibriados
 10805 | Ossuary  | Reached skill level 7 in Unarmed Combat
 10805 | Ossuary  | Reached XP level 10. HP: 44/52 MP: 18/18
 11664 | D:8      | Found Obruosko's Antique Armour Emporium.
 12165 | D:8      | Reached skill level 8 in Unarmed Combat
 12172 | D:8      | Reached **** piety under Cheibriados
 12252 | D:9      | Noticed a six-headed hydra
 12457 | D:9      | Found a staircase to the Lair.
 12515 | D:9      | Reached skill level 9 in Unarmed Combat
 12515 | D:9      | Reached skill level 5 in Invocations
 12632 | D:9      | Noticed a two-headed ogre
 12661 | D:9      | Killed a two-headed ogre
 12748 | D:9      | Reached skill level 10 in Unarmed Combat
 12748 | D:9      | Reached XP level 11. HP: 56/56 MP: 15/20
 12755 | D:9      | Reached ***** piety under Cheibriados
 12851 | D:9      | Found a hide-covered altar of Uskayaw.
 13046 | D:9      | HP: 1/56 [centaur (4)]
 13144 | D:9      | Learned a level 3 spell: Confuse
 13263 | D:9      | Noticed Joseph
 13269 | D:9      | Killed Joseph
 13344 | D:9      | Reached skill level 1 in Stealth
 13344 | D:9      | Reached skill level 1 in Hexes
 13535 | D:9      | Found a runed translucent door.
 13536 | D:9      | Identified the +6 trident of Gallantry {venom, SInv}
 13537 | D:9      | Noticed Gekot's ghost (novice DEFE)
 13940 | D:10     | Entered Level 10 of the Dungeon
 14057 | D:10     | Noticed Psyche
 14068 | D:10     | HP: 2/56 [bullfrog (4)]
 14069 | D:10     | Slain by an ogre

Levels and vault maps discovered:
D:1:      dpeg_arrival_ternary, layout_loops_ring
D:2:      layout_basic
D:3:      layout_loops_ring, okawaru_trees_1, gammafunk_ghost_mausoleum,
          first_ration, portal_sewer_entry_c, grunt_ministairs_5
D:4:      layout_basic, kennysheep_generic_room_9, uniq_eustachio
D:5:      layout_basic, lemuel_round_altar, tgw_trog,
          minmay_temple_entry_glassed_door
D:6:      layout_loops_cross, old_standard_altar, grunt_temple_overflow_open,
          serial_shops, nicolae_shop_stone, uniq_grinder
D:7:      layout_loops_ring, gammafunk_ghost_split
D:8:      lemuel_insect_pit, layout_basic, nicolae_ossuary_entry_giza,
          serial_shops, nicolae_shop_waterfront
D:9:      layout_gridville, eat_drink_and_be_merry_uskayaw,
          due_lair_maze_entry_diamond, ebering_ghost_funeral_grove, the_bakery,
          uniq_joseph
D:10:     layout_rooms, kennysheep_small_circle, uniq_psyche
Temple:   regret_index_temple_waves

Skill      XL: |  1  2  3  4  5  6  7  8  9 10 11 |
---------------+----------------------------------+-----
Transmutations | 3 4 5 6 8 9 |  9.0
Poison Magic   | 1 3 |  3.0
Spellcasting   | 3 4 5 6 |  6.1
Unarmed Combat | 4 5 7 10 | 10.8
Ice Magic      | 1 2 3 4 |  4.7
Invocations    | 2 3 6 7 |  7.1
Stealth        | 1 |  1.4
Hexes          | 1 |  1.5
Fighting       | |  1.5
Dodging        | |  2.3

Action                   |  1- 3 |  4- 6 |  7- 9 | 10-12 || total
-------------------------+-------+-------+-------+-------++-------
Melee: Unarmed           |    84 |   151 |   451 |   260 ||   946
       Tentacles         |    18 |    14 |    41 |    46 ||   119
       Kick              |     9 |    16 |    72 |    41 ||   138
       Constrict         |    21 |    29 |    50 |    33 ||   133
       Punch             |     2 |     2 |     8 |    12 ||    24
 Cast: Beastly Appendage |    29 |    22 |    44 |    16 ||   111
       Spider Form       |       |     5 |    15 |     8 ||    28
       Sticks to Snakes  |       |       |     6 |       ||     6
       Ice Form          |       |       |     5 |     3 ||     8
       Blade Hands       |       |       |     1 |    11 ||    12
Invok: Bend Time         |       |       |     1 |       ||     1
 Abil: End Transformatio |       |     1 |     5 |     9 ||    15
  Use: Scroll            |       |    10 |     5 |     7 ||    22
       Potion            |       |       |    10 |     2 ||    12
 Stab: Sleeping          |     6 |       |     8 |     3 ||    17
       Invisible         |       |       |     8 |       ||     8
  Eat: Chunk             |     3 |     8 |    11 |     8 ||    30
       Ration            |       |       |     2 |     1 ||     3
Armor: Skin              |    12 |    24 |    88 |    23 ||   147
Dodge: Dodged            |    54 |   104 |   347 |   164 ||   669
